 Dungeon Crawl Stone Soup version 0.31-a0-198-g2ad674f65e (webtiles) character file.

Game seed: 9561075443250488863

224 qw the Skirmisher (level 5, -9/30 HPs)
             Began as a Deep Elf Hunter on June 25, 2023.
             Mangled by an ogre
             ... wielding a +0 giant club
              (15 damage)
             ... on level 5 of the Dungeon.
             The game lasted 00:00:47 (1897 turns).

qw the Skirmisher (Deep Elf Hunter)                 Turns: 1897, Time: 00:00:47

Health: -9/30      AC:  6    Str: 10    XL:     5   Next: 67%
Magic:  7/7        EV: 11    Int: 14    God:
Gold:   104        SH:  0    Dex: 18    Spells: 4/4 levels left

rFire   . . .        l - +0 orcbow
rCold   . . .        (shield currently unavailable)
rNeg    + . .        d - +0 ring mail
rPois   .            (no helmet)
rElec   .            (no cloak)
rCorr   .            (no gloves)
SInv    .            k - +0 pair of boots {Stlth+}
Will    .....        (no amulet)
Stlth   ++           g - ring of positive energy
HPRegen 0.25/turn    (no ring)
MPRegen 0.10/turn

%: no passive effects
@: lethally poisoned (-9 -> -16)
A: no striking features
a: no special abilities


You were on level 5 of the Dungeon.
You visited 1 branch of the dungeon, and saw 4 of its levels.

You collected 137 gold pieces.
You spent 33 gold pieces at shops.


   Skills:
 + Level 1.7 Fighting
 - Level 9.1 Ranged Weapons
 - Level 2.4 Dodging
 - Level 1.2 Stealth


You had 4 spell levels left.
You didn't know any spells.
Your spell library was empty.

Inventory:

Hand Weapons
 l - a +0 orcbow (weapon)
Armour
 d - a +0 ring mail (worn)
 k - a +0 pair of boots of stealth (worn)
Jewellery
 g - a ring of positive energy (left hand)
 h - a ring of ice
Scrolls
 a - 2 scrolls of teleportation
 j - a scroll of identify {unknown}
Potions
 b - 5 potions of curing
 c - a potion of mutation {unknown}
 e - 2 potions of heal wounds {unknown}
 f - a potion of ambrosia {unknown}
 i - a potion of magic {unknown}

Dungeon Overview and Level Annotations

Branches:
Dungeon (3/15)

Altars:

Shops:
D:2 !

Annotations:
D:5 Eustachio


Message History

You shoot an arrow. The arrow hits the phantom.
The phantom is heavily damaged.
The phantom closely misses you.
You shoot an arrow. The arrow closely misses the phantom.
The phantom hits you but does no damage.
The ogre hits you with a +0 giant club!
An iguana comes into view.
The phantom hits you.
You shoot an arrow. The iguana hisses angrily.
The arrow hits the phantom.
The phantom is severely damaged.
The ogre closely misses you. The scorpion closely misses you.
The phantom hits you.
Eustachio utters an oath, "I will die for my friends!"
Eustachio casts a spell.
You shoot an arrow. The arrow hits the phantom.
The phantom is severely damaged.
The scorpion stings you but does no damage.
The phantom barely misses you.
Eustachio casts a spell.
Eustachio blinks!
The ogre completely misses you.
The crimson imp blinks!
The scorpion stings you.
You shoot an arrow. The arrow closely misses the phantom.
The phantom hits you but does no damage.
Eustachio gestures wildly while chanting.
Eustachio blinks!
The scorpion barely misses you.
The crimson imp blinks!
The ogre hits you with a +0 giant club.
You shoot an arrow. The arrow closely misses the phantom.
The scorpion stings you.
You are lethally poisoned!
The scorpion poisons you! The phantom barely misses you.
The shadow imp lashes its tail.
The scorpion closely misses you.
You shoot an arrow. The arrow hits the phantom!
You destroy the phantom!
You feel very sick. The ogre hits you with a +0 giant club!
Ouch! That really hurt!
You die...

##########
#........#
#.######.#
## 7.77
#.###.#####
77.77
#.........##
77.7
####)<.....#
7.7
#..@...##.#
7.7
#.5sO......
7.7
#....l.....
7.7
#..........
7.77
##.5.....@.
77.77
#...##....
77.7 #..##
.... 7.77
#?.. ..>
7.77


You could see Eustachio, an ogre, a scorpion, an iguana and 2 shadow imps.

Vanquished Creatures
  A centaur (D:5)
  A phantom (D:5)
  2 iguanas
  2 adders
  A white imp (D:5)
  2 worms
  4 orcs
  5 ball pythons
  3 endoplasms
  2 giant cockroaches
  9 hobgoblins
  3 jackals (D:1)
  A quokka (D:3)
  6 bats
  7 frilled lizards
  3 goblins
  8 kobolds
  2 rats
62 creatures vanquished.

Notes
Turn   | Place    | Note
-------+----------+-------------------------------------------
     0 | D:1      | qw the Deep Elf Hunter began the quest for the Orb.
     0 | D:1      | Reached XP level 1. HP: 12/12 MP: 3/3
     0 | D:1      | 0 ||| qw: Version: 0.3-a-22-g0ed2b0b
     0 | D:1      | 0 ||| qw: Game counter: 4999
     0 | D:1      | 0 ||| qw: Melee chars always use a shield: true
     0 | D:1      | 0 ||| qw: God list: Okawaru
     0 | D:1      | 0 ||| qw: Allow faded altars: false
     0 | D:1      | 0 ||| qw: Do Orc after clearing Dungeon:15 true
     0 | D:1      | 0 ||| qw: Do second Lair branch before Depths: true
     0 | D:1      | 0 ||| qw: Lair rune preference: random
     0 | D:1      | 0 ||| qw: Goals: Normal
     0 | D:1      | 0 ||| PLANNING D:1-11
    86 | D:1      | Reached XP level 2. HP: 16/16 MP: 4/4
    91 | D:1      | Reached skill level 6 in Ranged Weapons
   549 | D:1      | 549 ||| UPGRADING to +0 ring mail.
   559 | D:1      | 559 ||| DROPPING +0 leather armour.
   560 | D:1      | 560 ||| UPGRADING to ring of positive energy.
   561 | D:1      | 561 ||| READING 2 scrolls labelled KIZAFR OJIECSI.
   564 | D:1      | 564 ||| DROPPING scroll of butterflies.
   605 | D:2      | Found Iprotid's Distillery.
   610 | D:2      | 610 ||| SHOPLISTING potion of cancellation (88 gold, have
                  | 55).
   610 | D:2      | 610 ||| BUYING potion of curing (33 gold).
   610 | D:2      | Bought a potion of curing for 33 gold pieces
   610 | D:2      | 610 ||| SHOPLISTING potion of curing (33 gold, have 22).
   610 | D:2      | 610 ||| SHOPLISTING potion of might (44 gold, have 22).
   610 | D:2      | 610 ||| SHOPLISTING potion of mutation (88 gold, have 22).
   652 | D:2      | Reached XP level 3. HP: 20/20 MP: 5/5
   653 | D:2      | Found a faded altar of an unknown god.
  1186 | D:2      | 1186 ||| READING scroll labelled TUIMIB FELAOHASS.
  1186 | D:2      | Identified a scroll of acquirement
  1186 | D:2      | 1186 ||| ACQUIRING +0 pair of boots of stealth
  1186 | D:2      | Acquired a +0 pair of boots of stealth
  1188 | D:2      | 1188 ||| UPGRADING to +0 pair of boots of stealth.
  1193 | D:2      | 1193 ||| DRINKING 2 smoky dark potions.
  1194 | D:2      | 1194 ||| DROPPING potion of brilliance.
  1222 | D:3      | Reached skill level 7 in Ranged Weapons
  1515 | D:3      | Reached XP level 4. HP: 25/25 MP: 6/6
  1717 | D:3      | You fall into a shaft and drop 2 floors!
  1717 | D:5      | Entered Level 5 of the Dungeon
  1733 | D:5      | 1733 ||| PLANNING OSSUARY
  1738 | D:5      | Reached skill level 8 in Ranged Weapons
  1767 | D:5      | Noticed a centaur
  1773 | D:5      | Killed a centaur
  1774 | D:5      | Reached skill level 9 in Ranged Weapons
  1774 | D:5      | Reached XP level 5. HP: 19/29 MP: 7/7
  1830 | D:5      | 1830 ||| SWAPPING to +0 orcbow.
  1832 | D:5      | 1832 ||| DROPPING +0 shortbow.
  1882 | D:5      | Noticed a phantom
  1887 | D:5      | Noticed Eustachio
  1887 | D:5      | Noticed an ogre
  1897 | D:5      | Killed a phantom
  1897 | D:5      | HP: 6/30 [poisoned by a scorpion]
  1897 | D:5      | Mangled by an ogre

Levels and vault maps discovered:
D:1:      heliophobic_arrival_battle_scene, layout_loops_cross
D:2:      layout_loops_ring, hellmonk_ecumenical_altar_blasted, serial_shops,
          shop, nicolae_wormholes
D:3:      layout_loops_ring
D:5:      kb_forest_paths, layout_cave_pools, enter_ossuary_4, uniq_ijyb,
          uniq_eustachio, uniq_prince_ribbit1

Skill      XL: |  1  2  3  4 |
---------------+-------------+-----
Ranged Weapons | 6 7 9 |  9.1
Fighting       | |  1.7
Dodging        | |  2.4
Stealth        | |  1.2

Action                     |  1- 3 |  4- 6 || total
---------------------------+-------+-------++-------
   Fire: Shortbow          |   144 |    30 ||   174
         Orcbow            |       |    18 ||    18
    Use: Scroll            |     2 |       ||     2
         Potion            |     1 |       ||     1
 Armour: Ring mail         |    18 |     5 ||    23
         Leather armour    |     3 |       ||     3
  Dodge: Dodged            |    30 |    13 ||    43

Table legend:
 A = Non-vault XP
 B = Vault XP
 C = Vault XP percentage of total XP
 D = Non-vault monster count
 E = Vault monster count
 F = Vault count percentage of total count
                 A         B        C        D         E       F
            +---------+---------+-------+---------+---------+-------
      Total |     416 |      13 |   3.0 |      59 |       3 |   4.8
            +---------+---------+-------+---------+---------+-------
        D:1 |      31 |       0 |   0.0 |      20 |       0 |   0.0
        D:2 |      25 |       5 |  16.7 |      17 |       1 |   5.6
        D:3 |      71 |       5 |   6.6 |      15 |       1 |   6.2
        D:5 |     289 |       3 |   1.0 |       7 |       1 |  12.5
            +---------+---------+-------+---------+---------+-------
